 Dungeon Crawl Stone Soup version 0.18.1-6-gd335043 (webtiles) character file.

2835 manyhoops the Chopper (level 9, -6/72 HPs)
             Began as a Demonspawn Gladiator on May 18, 2016.
             Was an Initiate of Qazlal.
             Mangled by a wolf (8 damage)
             ... led by Grum
             ... on level 8 of the Dungeon.
             The game lasted 00:14:23 (6556 turns).

manyhoops the Chopper (Demonspawn Gladiator)        Turns: 6556, Time: 00:14:24

Health: -6/72      AC: 13    Str: 17    XL:     9   Next: 45%
Magic:  12/12      EV:  1    Int:  9    God:    Qazlal [......]
Gold:   91         SH:  0    Dex: 14    Spells: 0 memorised, 8 levels left

rFire  . . .     SeeInvis +     a - +0 war axe
rCold  . . .     Gourm    .     h - +0 plate armour
rNeg   . . .     Faith    .     (no shield)
rPois  +         Spirit   .     (helmet unavailable)
rElec  .         Dismiss  .     (no cloak)
rCorr  .         Reflect  .     (no gloves)
SustAt .         Harm     .     (no boots)
MR     +....                    c - amulet of rage
Stlth  ..........               (no ring)
                                m - ring of protection from magic

@: very slightly contaminated, somewhat resistant to hostile enchantments,
extremely unstealthy
A: antennae 3, molten scales 1, poison resistance, powered by death 1, slow
regeneration 1, weak 1
a: Renounce Religion, Evoke Berserk Rage


You were on level 8 of the Dungeon.
You worshipped Qazlal.
Qazlal was noncommittal.
You were not hungry.

You visited 2 branches of the dungeon, and saw 9 of its levels.

You collected 471 gold pieces.
You spent 380 gold pieces at shops.

Inventory:

Hand Weapons
 a - a +0 war axe (weapon)
Missiles
 d - 3 throwing nets (quivered)
Armour
 h - a +0 plate armour (worn)
Jewellery
 c - an amulet of rage (around neck)
 m - a ring of protection from magic (left hand)
Wands
 s - a wand of disintegration (16/24)
 x - a wand of lightning (0/15)
Scrolls
 g - a scroll of fear
 n - 5 scrolls of teleportation
 p - a scroll of remove curse
 u - a scroll of fog {unknown}
 y - a scroll of amnesia
 B - a scroll of brand weapon
Potions
 b - a potion of curing
 i - 2 potions of flight {unknown}
 o - 2 potions of agility
 q - a potion of lignification
 r - a potion of might
 t - a potion of haste
 z - a potion of heal wounds
Books
 e - a book of Dreams

   Spells                             Type                      Level
   a - Ensorcelled Hibernation        Hexes/Ice                    2
   b - Silence                        Hexes/Air                    5
   c - Darkness                       Hexes                        6
   d - Shadow Creatures               Summoning                    6
Comestibles
 f - 5 bread rations
 j - 4 meat rations
 k - 3 royal jellies
 l - 31 fruits
 v - 2 beef jerkies


   Skills:
 + Level 7.1 Fighting
 + Level 7.9 Axes
 - Level 1.7 Throwing
 + Level 5.8 Armour
 - Level 2.6 Dodging
 * Level 5.0 Invocations


You had 8 spell levels left.
You didn't know any spells.

Dungeon Overview and Level Annotations

Branches:
Dungeon (8/15)             Temple (1/1) D:5            Lair (0/8) D:8

Altars:
Ashenzari
Cheibriados
Dithmenos
Elyvilon
Gozag
Kikubaaqudgha
Makhleb
Nemelex Xobeh
Okawaru
Pakellas
Qazlal
Ru
Sif Muna
Trog
Vehumet
Xom
Yredelemnul
Zin
The Shining One

Shops:
D:7 *}?

Annotations:
D:6 manyhoops's ghost, novice DsGl
D:8 Grum


Innate Abilities, Weirdness & Mutations

You have a pair of large antennae on your head (SInv).
You are partially covered in molten scales (AC +1).
You regenerate a little health from kills.
Your system is resistant to poisons.
You regenerate slowly when monsters are visible.
You are weak. (Str -2)


Message History

Press: ? - help, Dir - move target cursor, p - wolf You are very lightly contaminated with residual magic.
As you read the scroll of blinking, it crumbles to dust.
You feel less regenerative.
Grum bares his teeth.
The wolf bites you but does no damage.
There is a staircase to the Lair here.
The wolf bites you but does no damage.
Found a scroll labeled AWNESI ISIVVI.
The wolf bites you but does no damage.
Found a stone staircase leading up.
The wolf bites you but does no damage. The wolf barely misses you.
The wolf bites you.
* * * LOW HITPOINT WARNING * * *
There is a stone staircase leading up here.
The wolf bites you.
* * * LOW HITPOINT WARNING * * *
The wolf bites you!
You die...

#.. #.. ## #..# . ..
.##<.#### ... #.
..#?#.... ....
#.####.......
.....#..##.....# ##.
#.........# #..
####.#..h.###
#.####......##@..##
#...<..##.######..#
#.#######{# #.######
#.#######>#### #......##
#..........{.######)....#
#######>..##...####....##
#.#.####..........##+#
#.#.# #####.....##...
#.#.# #.....'...


You could see a wolf.

Vanquished Creatures
  Erolcha (D:8)
  2 sky beasts
  An orc warrior (D:7)
  A black bear (D:4)
  An ice beast (D:6)
  3 ogres
  A centaur (D:5)
  A big kobold (D:8)
  3 giant frogs
  6 killer bees
  A howler monkey (D:5)
  2 crimson imps
  2 orc priests (D:4)
  A giant frog skeleton (D:5)
  A jelly (D:7)
  2 hounds
  8 worker ants
  3 iguanas
  5 orc wizards
  A hound skeleton (D:7)
  8 adders
  2 oozes (D:1)
  An adder skeleton (D:4)
  3 worms
  A dart slug (D:2)
  5 giant geckos
  11 orcs
  2 ball pythons
  6 giant cockroaches
  3 goblins
  8 hobgoblins
  7 jackals
  5 quokkas
  8 bats
  A giant gecko zombie (D:7)
  6 giant newts
  A jackal zombie (D:6)
  7 kobolds
  8 rats
  A spectral orc (D:7)
  A plant (D:8)
141 creatures vanquished.

Notes
Turn   | Place    | Note
--------------------------------------------------------------
     0 | D:1      | manyhoops the Demonspawn Gladiator began the quest for the Orb.
     0 | D:1      | Reached XP level 1. HP: 16/16 MP: 1/1
     0 | D:1      | Noticed a troll
     5 | D:1      | Noticed a spriggan
     6 | D:1      | Noticed a draconian
     7 | D:1      | Noticed a centaur
    10 | D:1      | Noticed a dwarf
    10 | D:1      | Noticed a formicid
    12 | D:1      | Noticed a formicid
    12 | D:1      | Noticed a felid
    14 | D:1      | Noticed a spriggan
    14 | D:1      | Noticed a centaur
    14 | D:1      | Noticed an ogre
    16 | D:1      | Noticed an octopode
    16 | D:1      | Noticed a spriggan
    18 | D:1      | Noticed a spriggan
    18 | D:1      | Noticed a formicid
    46 | D:1      | Gained mutation: You regenerate a little health from kills. [demonic ancestry]
    46 | D:1      | Reached XP level 2. HP: 6/22 MP: 2/2
   581 | D:1      | Found a sparkling altar of Nemelex Xobeh.
   617 | D:1      | Gained mutation: You have a pair of small antennae on your head. [demonic ancestry]
   617 | D:1      | Reached XP level 3. HP: 27/28 MP: 3/3
  1013 | D:2      | Found an oddly glowing altar of Pakellas.
  1665 | D:3      | Found a bloodstained altar of Trog.
  1714 | D:3      | Reached skill level 1 in Armour
  1714 | D:3      | Gained mutation: You have a pair of antennae on your head. [demonic ancestry]
  1714 | D:3      | Reached XP level 4. HP: 17/34 MP: 4/4
  2169 | D:3      | Gained mutation: You have a pair of large antennae on your head (SInv). [demonic ancestry]
  2169 | D:3      | Reached XP level 5. HP: 22/41 MP: 5/5
  2318 | D:3      | Found an ancient bone altar of Kikubaaqudgha.
  2318 | D:3      | Found a glowing golden altar of the Shining One.
  2489 | D:4      | Found a shimmering altar of Xom.
  2548 | D:4      | Gained mutation: You are partially covered in molten scales (AC +1). [demonic ancestry]
  2548 | D:4      | Reached XP level 6. HP: 15/48 MP: 6/6
  2811 | D:4      | Reached skill level 5 in Axes
  2895 | D:4      | Reached XP level 7. HP: 51/55 MP: 7/7
  2975 | D:4      | Reached skill level 5 in Fighting
  3363 | D:4      | Found a shimmering altar of Xom.
  3381 | D:4      | Found a shimmering altar of Xom.
  3382 | D:4      | Found a shimmering altar of Xom.
  3444 | D:5      | Entered Level 5 of the Dungeon
  3763 | D:5      | Reached XP level 8. HP: 61/63 MP: 8/8
  3874 | D:5      | Found a sacrificial altar of Ru.
  3936 | D:5      | Found a staircase to the Ecumenical Temple.
  3945 | Temple   | Entered the Ecumenical Temple
  3950 | Temple   | Became a worshipper of Qazlal Stormbringer
  4112 | D:6      | Found an iron altar of Okawaru.
  4119 | D:6      | Noticed manyhoops's ghost (novice DsGl)
  4302 | D:6      | Reached skill level 1 in Invocations
  5122 | D:7      | Found Eseg's Assorted Antiques.
  5144 | D:7      | Bought a scroll of identify for 40 gold pieces
  5144 | D:7      | Bought a moonstone ring for 100 gold pieces
  5144 | D:7      | Bought an encrusted silver ring for 100 gold pieces
  5144 | D:7      | Bought a scroll labeled PIKEYPYLUM for 20 gold pieces
  5150 | D:7      | Gained mutation: You regenerate slowly when monsters are visible. [potion of mutation]
  5150 | D:7      | Gained mutation: You are frail (-10% HP). [potion of mutation]
  5150 | D:7      | Gained mutation: Your system is resistant to poisons. [potion of mutation]
  5167 | D:7      | Found a shattered altar of Ashenzari.
  5180 | D:7      | Gained mutation: You are weak. (Str -2) [potion of mutation]
  5180 | D:7      | Lost mutation: You are frail (-10% HP). [potion of mutation]
  6003 | D:7      | Found Pouman's Gadget Shoppe.
  6148 | D:7      | Found Fihaim's Magic Scroll Boutique.
  6156 | D:7      | Bought a scroll of identify for 30 gold pieces
  6156 | D:7      | Bought a scroll of identify for 30 gold pieces
  6156 | D:7      | Bought a scroll of identify for 30 gold pieces
  6156 | D:7      | Bought a scroll of identify for 30 gold pieces
  6163 | D:7      | Found a basalt altar of Yredelemnul.
  6276 | D:7      | Found an opulent altar of Gozag.
  6277 | D:7      | Found a glowing silver altar of Zin.
  6386 | D:8      | Reached XP level 9. HP: 54/71 MP: 11/11
  6390 | D:8      | Found a staircase to the Lair.
  6423 | D:8      | Noticed Erolcha
  6435 | D:8      | Killed Erolcha
  6435 | D:8      | Reached skill level 5 in Armour
  6484 | D:8      | Noticed Grum
  6531 | D:8      | Reached skill level 5 in Invocations
  6532 | D:8      | HP: 3/72 [ice beast (8)]
  6556 | D:8      | HP: 2/72 [wolf[Grum] (6)]
  6556 | D:8      | Mangled by a wolf

Skill      XL: |  1  2  3  4  5  6  7  8  9 |
---------------+----------------------------+-----
Axes           | 3 4 5 6 7 |  7.9
Armour         | 1 2 3 4 5 |  5.8
Fighting       | 3 4 5 6 7 |  7.1
Invocations    | 3 5 |  5.0
Throwing       | |  1.7
Dodging        | |  2.6

Action                   |  1- 3 |  4- 6 |  7- 9 || total
-------------------------+-------+-------+-------++-------
Melee: War axe           |   140 |   159 |   354 ||   653
Evoke: Wand              |       |       |     3 ||     3
  Use: Scroll            |     6 |     1 |    11 ||    18
       Potion            |       |     3 |     5 ||     8
 Stab: Sleeping          |       |     1 |     1 ||     2
       Distracted        |       |       |     1 ||     1
  Eat: Chunk             |     3 |     3 |     8 ||    14
       Meat ration       |       |       |     1 ||     1
Armor: Leather armour    |    56 |    67 |    52 ||   175
       Plate armour      |       |       |   162 ||   162
       Chain mail        |       |       |    69 ||    69
       Skin              |       |       |    60 ||    60
Dodge: Dodged            |   100 |   155 |   182 ||   437
